 Dungeon Crawl Stone Soup version 0.19-a0-1714-gcab94ab (webtiles) character file.

233 teurkeur the Cudgeler (level 5, 0/45 HPs)
             Began as a Minotaur Berserker on Sept 27, 2016.
             Was a Believer of Trog.
             Slain by Duvessa
             ... wielding a +0 short sword
              (4 damage)
             ... on level 4 of the Dungeon on Sept 28, 2016.
             The game lasted 00:36:28 (2819 turns).

teurkeur the Cudgeler (Minotaur Berserker)          Turns: 2819, Time: 00:36:28

Health: 0/45       AC: 12    Str: 22    XL:     5   Next: 75%
Magic:  4/4        EV:  8    Int:  4    God:    Trog [**....]
Gold:   121        SH:  0    Dex: 10    Spells: 0 memorised, 4 levels left

rFire  . . .     SeeInvis .     B - +0 mace
rCold  . . .     Gourm    .     z - +0 chain mail
rNeg   . . .     Faith    .     (no shield)
rPois  .         Spirit   .     (helmet restricted)
rElec  .         Dismiss  .     (no cloak)
rCorr  .         Reflect  .     A - +2 pair of gloves
MR     .....     Harm     .     (no boots)
Stlth  ..........               (no amulet)
                                (no ring)
                                (no ring)

@: no status effects
A: retaliatory headbutt, horns 2
a: Berserk, Trog's Hand, Burn Spellbooks, Renounce Religion


You were on level 4 of the Dungeon.
You worshipped Trog.
Trog was pleased with you.
You were not hungry.

You visited 1 branch of the dungeon, and saw 4 of its levels.

You collected 121 gold pieces.

Inventory:

Hand Weapons
 a - a +0 mace
 e - a +0 club
 g - a +0 club
 l - a +0 dagger
 q - a +0 spear
 t - a +0 whip
 w - a +0 club
 x - a +0 hunting sling
 B - a +0 mace (weapon)
 D - a +0 mace
 J - a +0 long sword
 L - a +0 club
Missiles
 k - 40 bolts
 r - 42 arrows
 y - 59 sling bullets
Armour
 b - a +0 animal skin
 j - a +0 pair of gloves
 m - a +0 leather armour
 n - a +0 robe
 z - a +0 chain mail (worn)
 A - a +2 pair of gloves (worn)
 E - a +0 leather armour
 G - a +0 leather armour
Jewellery
 v - an uncursed amulet of faith {unknown}
Wands
 o - a wand of acid (8/15)
Scrolls
 h - 3 scrolls of teleportation {unknown}
 i - 4 scrolls of remove curse {unknown}
 u - 8 scrolls of identify {unknown}
 C - 2 scrolls of immolation {unknown}
 F - a scroll of fear {unknown}
 I - a scroll of enchant armour {unknown}
Potions
 d - a potion of degeneration {unknown}
 p - a potion of brilliance {unknown}
 s - a potion of agility {unknown}
 K - a potion of heal wounds {unknown}
Comestibles
 c - 2 bread rations
 f - 3 fruits


   Skills:
 - Level 3.6 Fighting
 + Level 7.9 Maces & Flails
 - Level 2.4 Armour
 - Level 2.1 Dodging


You had 4 spell levels left.
You didn't know any spells.

Dungeon Overview and Level Annotations

Branches:
Dungeon (4/15)
 Temple: D:4-7

Altars:
Kikubaaqudgha
Okawaru

Annotations:
D:4 Dowan, Duvessa


Innate Abilities, Weirdness & Mutations

You reflexively headbutt those who attack you in melee.
You have a pair of horns on your head.


Message History

Dowan hits you but does no damage. The orc hits you but does no damage.
You hear an angry hiss.
Found a hand axe.
The orc priest mumbles some strange prayers to Beogh against you.
Beogh smites you!
* * * LOW HITPOINT WARNING * * *
Unknown command.
Dowan says, "Magic and the sword, together, will defeat you."
The howler monkey hoots and howls with incredible vigour!
You hear a bark!
Dowan points at you and mumbles some strange words.
The puff of flame hits you!
The orc priest miscasts a cantrip.
Okay, then.
Dowan hisses, "Insulting my beauty only makes me fight harder!"
Dowan points at Duvessa and mumbles some strange words.
Duvessa seems to speed up.
You see here a hand axe.
Duvessa hits you with a short sword.
You die...

###########
..........#
..........#
....(.....#
..........#
....?.....#
..........########
..)......ho.e.)e.#
.<........######@#
..........# #.#
....#.....# #.#
###.##....# #.#
......... #.#
##......... #.#
..../....# #.#
..... #.# .


You could see Duvessa, Dowan, a howler monkey and an orc priest.

Vanquished Creatures
  A jelly (D:3)
  2 orc wizards (D:3)
  2 gnolls (D:2)
  3 adders
  4 oozes
  2 worms (D:2)
  4 leopard geckos
  5 orcs
  A ball python (D:1)
  5 giant cockroaches
  8 hobgoblins
  6 jackals
  A quokka (D:3)
  6 bats
  6 frilled lizards
  5 goblins
  4 kobolds
  7 rats
72 creatures vanquished.

Notes
Turn   | Place    | Note
-------+----------+-------------------------------------------
     0 | D:1      | teurkeur the Minotaur Berserker began the quest for the Orb.
     0 | D:1      | Reached XP level 1. HP: 19/19 MP: 0/0
   260 | D:1      | Reached skill level 4 in Maces & Flails
   265 | D:1      | Reached XP level 2. HP: 24/26 MP: 1/1
  1259 | D:2      | Reached skill level 5 in Maces & Flails
  1259 | D:2      | Reached XP level 3. HP: 31/31 MP: 2/2
  1334 | D:2      | Reached ** piety under Trog
  1354 | D:2      | You fall through a shaft!
  1643 | D:2      | Found a faded altar of an unknown god.
  1753 | D:2      | Reached skill level 6 in Maces & Flails
  1753 | D:2      | Reached XP level 4. HP: 39/39 MP: 3/3
  1797 | D:2      | Found an iron altar of Okawaru.
  2123 | D:2      | Upgraded the game from 0.19-a0-1704-gbd66c22 to 0.19-a0-1714-gcab94ab
  2189 | D:3      | Reached XP level 5. HP: 19/45 MP: 4/4
  2196 | D:3      | Reached skill level 7 in Maces & Flails
  2252 | D:3      | Found an ancient bone altar of Kikubaaqudgha.
  2641 | D:4      | Noticed Duvessa
  2645 | D:4      | Noticed Dowan
  2819 | D:4      | Slain by Duvessa

Vault maps used:
D:1:      lightli_arrival_farm, supply_closet_lemuel
D:2:      ecumenical_altar_1, eino_tiny_chamber, okawaru_altar_gauntlet_db
D:3:      minmay_wonky_spiral, kiku_gazebo_pond_becter
D:4:      bloody_trog, first_bread, nemelex_lonely_heart_becter, uniq_natasha,
          uniq_duvessa

Skill      XL: |  1  2  3  4  5 |
---------------+----------------+-----
Maces & Flails | 4 5 6 7 |  7.9
Fighting       | |  3.6
Armour         | |  2.4
Dodging        | |  2.1

Action                   |  1- 3 |  4- 6 || total
-------------------------+-------+-------++-------
Melee: Mace              |    79 |    94 ||   173
       Headbutt          |    13 |    14 ||    27
       Club              |     4 |       ||     4
Invok: Berserk           |     1 |       ||     1
  Eat: Chunk             |     2 |     5 ||     7
Armor: Animal skin       |     9 |       ||     9
       Leather armour    |     5 |       ||     5
       Chain mail        |    19 |    70 ||    89
Dodge: Dodged            |    56 |    45 ||   101
